Map: Dusk Towers

Players

PiLiPiLi - Winner!

  • Race: Protoss Protoss
  • League: Grandmaster

Kelazhur

  • Race: Terran Terran
  • League: Master

VOD

Have the link to the VOD?

Description

Time

  • Played on: May 21, 2016, 10:58 p.m.
  • Length: 10:19
Show
View Real Time Build Order
Export as new Build Order

PiLiPiLi Protoss - Winner!

Build Orders: 1 Gate Expand, Blink Stalkers 

Get SALT Encoding   

  12  0:01  Probe (Chrono Boost)  
  13  0:12  Probe (Chrono Boost)  
  14  0:17  Pylon  
  14  0:22  Probe (Chrono Boost)  
  15  0:36  Probe (Chrono Boost), Gateway  
  15  0:41  Assimilator  
  16  0:46  Probe (Chrono Boost)  
  18  0:57  Probe (Chrono Boost)  
  18  1:07  Probe (Chrono Boost)  
  19  1:17  Nexus  
  19  1:20  Probe (Chrono Boost)  
  20  1:29  Cybernetics Core  
  20  1:34  Probe (Chrono Boost)  
  20  1:38  Assimilator  
  21  1:44  Probe (Chrono Boost)  
  22  1:47  Pylon  
  22  1:55  Probe (Chrono Boost)  
  23  2:06  Mothership Core (Chrono Boost)  
  25  2:08  Adept  
  25  2:13  Warp Gate (Chrono Boost)  
  27  2:24  Probe (Chrono Boost)  
  28  2:31  Probe (Chrono Boost)  
  28  2:35  Probe (Chrono Boost)  
  30  2:40  Probe, Twilight Council  
  31  2:46  Probe  
  31  2:51  Probe  
  33  2:58  Probe  
  33  2:59  Gateway  
  33  3:00  Gateway  
  33  3:01  Probe  
  33  3:03  Blink (Chrono Boost)  
  35  3:10  Probe  
  35  3:12  Probe  
  37  3:22  Probe  
  37  3:25  Robotics Facility  
  38  3:28  Probe  
  38  3:31  Pylon  
  39  3:35  Probe  
  39  3:36  Pylon  
  39  3:40  Probe  
  41  3:47  Assimilator, Probe (Chrono Boost)  
  42  3:53  Probe (Chrono Boost)  
  43  3:59  Probe (Chrono Boost)  
  44  4:02  Pylon  
  44  4:05  Stalker  
  44  4:06  Stalker x2, Probe (Chrono Boost)  
  44  4:09  Probe (Chrono Boost)  
  52  4:16  Pylon  
  53  4:17  Probe (Chrono Boost)  
  53  4:20  Probe (Chrono Boost)  
  53  4:24  Observer (Chrono Boost)  
  53  4:28  Probe  
  54  4:31  Probe  
  54  4:36  Stalker  
  54  4:38  Stalker  
  59  4:40  Probe  
  59  4:43  Nexus, Observer (Chrono Boost)  
  62  4:45  Probe, Pylon  
  62  4:48  Pylon  
  62  4:52  Probe  
  63  4:57  Probe  
  64  5:02  Observer (Chrono Boost)  
  64  5:05  Stalker x2  
  64  5:06  Stalker  
  71  5:08  Probe (Chrono Boost)  
  71  5:10  Probe (Chrono Boost)  
  71  5:12  Pylon  
  73  5:18  Forge  
  73  5:20  Probe (Chrono Boost)  
  74  5:22  Warp Prism (Chrono Boost)  
  74  5:25  Probe  
  77  5:32  Probe  
  77  5:37  Probe  
  77  5:41  Gateway  
  78  5:43  Assimilator  
  78  5:44  Gateway  
  78  5:46  Gateway  
  78  5:49  Stalker x2  
  82  5:51  Probe  
  82  5:54  Resonating Glaives  
  82  5:55  Probe  
  82  5:57  Probe  
  84  6:03  Probe, Protoss Ground Weapons Level 1 (Chrono Boost)  
  87  6:13  Pylon  
  86  6:19  Gateway  
  86  6:21  Gateway x2  
  86  6:22  Gateway  
  86  6:24  Adept x2  
  90  6:27  Adept  
  91  6:49  Gateway  
  91  6:50  Gateway  
  91  6:54  Gateway x2  
  89  7:13  Adept  
  89  7:14  Adept x5  
  99  7:16  Pylon  
  99  7:17  Pylon  
  99  7:18  Pylon  
  99  7:21  Observer (Chrono Boost)  
  99  7:24  Adept  
  99  7:27  Pylon x2  
  101  7:33  Adept x2  
  101  7:34  Adept x3  
  101  7:35  Adept x2  
  101  7:36  Adept x2  
  119  7:41  Assimilator  
  119  7:46  Protoss Ground Armor Level 1  
  119  7:53  Adept  
  119  7:54  Adept x6  
  119  7:55  Adept x4  
  141  8:01  Stalker x3  
  91  8:20  Adept x5  
  91  8:22  Adept  
  91  8:25  Adept x3  
  91  8:26  Adept x2  
  99  8:40  Adept x3  
  99  8:41  Adept x3  
  89  8:54  Adept x5  
  89  9:05  Adept x5  
  99  9:22  Stalker x3  
  99  9:23  Stalker x2  
  97  9:27  Assimilator  
  97  9:30  Stalker x3  
  97  9:31  Stalker x4  
  91  9:48  Adept x2  
  83  9:56  Adept x3  
  83  9:57  Adept x2  
  85  10:02  Adept x4  
  93  10:07  Adept x2  
  93  10:08  Adept x2  
Show
View Real Time Build Order
Export as new Build Order

Kelazhur Terran 

Build Orders: Reaper Expand, MMM Bio 

Get SALT Encoding   

  12  0:01  SCV  
  13  0:13  SCV  
  14  0:17  Supply Depot  
  14  0:25  SCV  
  15  0:39  SCV  
  15  0:42  Barracks  
  16  0:45  Refinery  
  16  0:51  SCV  
  17  1:03  SCV  
  18  1:15  SCV  
  19  1:29  Orbital Command  
  19  1:30  Reaper  
  20  1:40  Command Center  
  20  1:49  Supply Depot  
  20  1:55  SCV  
  21  2:02  Barracks Reactor  
  21  2:07  SCV  
  22  2:19  SCV  
  23  2:23  Command Center  
  23  2:31  SCV  
  23  2:36  Factory  
  24  2:39  Marine x2  
  24  2:43  SCV  
  27  2:52  Orbital Command  
  27  2:56  SCV  
  27  2:57  Marine x2  
  30  3:07  Barracks  
  30  3:08  SCV  
  31  3:15  Marine x2  
  31  3:19  SCV  
  33  3:20  Factory Tech Lab  
  33  3:24  Refinery, SCV  
  34  3:31  SCV  
  35  3:34  Marine x2  
  35  3:36  Orbital Command, SCV  
  35  3:41  Cyclone  
  41  3:43  SCV  
  41  3:48  SCV  
  43  3:54  Marine x2  
  45  3:55  Barracks Tech Lab, Supply Depot  
  45  3:57  SCV  
  45  4:00  SCV  
  47  4:04  SCV  
  47  4:07  Engineering Bay  
  47  4:09  SCV  
  49  4:15  Marine  
  49  4:16  Marine x2  
  52  4:19  Siege Tank, SCV  
  52  4:20  SCV  
  52  4:22  SCV  
  58  4:27  Bunker  
  58  4:31  Stimpack  
  57  4:32  SCV  
  57  4:35  Marine  
  57  4:36  Marine x2, Bunker  
  57  4:37  SCV  
  57  4:38  Bunker  
  62  4:41  Supply Depot, SCV  
  62  4:44  SCV  
  64  4:50  SCV  
  64  4:51  Siege Tank  
  68  4:53  SCV  
  69  5:02  Supply Depot, SCV  
  69  5:03  Marine x2  
  69  5:05  Supply Depot, SCV  
  69  5:06  Marine  
  74  5:10  SCV  
  75  5:18  Refinery x2  
  75  5:19  SCV  
  75  5:20  SCV  
  77  5:21  Barracks  
  77  5:22  Barracks  
  77  5:23  Barracks  
  77  5:24  Marine x2  
  77  5:28  SCV  
  80  5:32  SCV  
  80  5:34  Marine  
  82  5:37  SCV  
  82  5:39  Missile Turret  
  82  5:40  SCV  
  82  5:42  Supply Depot  
  84  5:44  Marine x2  
  84  5:47  Orbital Command  
  86  5:51  Starport, Terran Infantry Weapons Level 1  
  86  5:53  Factory Reactor, SCV  
  87  5:58  Marauder  
  88  6:08  Marine x2  
  90  6:11  Barracks Tech Lab, Barracks Reactor  
  90  6:13  SCV  
  90  6:14  SCV  
  90  6:17  SCV  
  90  6:18  Engineering Bay  
  93  6:24  Missile Turret  
  93  6:25  Combat Shields, Marauder x2  
  97  6:26  Bunker, SCV  
  97  6:27  SCV  
  97  6:29  SCV  
  99  6:37  Marauder  
  101  6:40  SCV  
  101  6:42  Marine  
  101  6:44  Supply Depot, Terran Infantry Armor Level 1  
  101  6:45  Supply Depot  
  101  6:47  Supply Depot  
  101  6:52  Armory  
  101  7:05  Factory Reactor  
  101  7:06  Marine x4, Medivac, Marauder x2, SCV x3  
  114  7:14  Marine  
  115  7:15  Supply Depot  
  115  7:18  SCV x3  
  115  7:22  Concussive Shells  
  118  7:24  Marine, Supply Depot  
  118  7:26  Marine x3  
  118  7:27  Refinery x2  
  118  7:28  Marauder  
  124  7:30  SCV  
  124  7:32  Starport  
  124  7:35  Fusion Core  
  124  7:36  Supply Depot  
  124  7:37  Marine, SCV x2  
  125  7:41  Barracks Tech Lab  
  125  7:42  Marauder  
  125  7:43  Supply Depot  
  130  7:47  Factory Reactor  
  130  7:49  Marine x3  
  133  7:52  Medivac x2, Marauder  
  137  8:00  Supply Depot  
  137  8:01  Marine  
  137  8:02  Marauder  
  137  8:03  Terran Infantry Weapons Level 2, Marauder  
  142  8:07  Marine x2, Liberator  
  142  8:11  Marine  
  118  8:13  Marauder  
  118  8:15  SCV  
  118  8:19  Marine  
  95  8:23  Marauder  
  95  8:24  Marine x2  
  93  8:34  Marauder  
  93  8:37  Widow Mine  
  93  8:38  Liberator, Widow Mine  
  88  8:42  Marine x2  
  88  8:43  Marauder  
  88  8:44  SCV  
  88  8:47  Medivac  
  84  8:52  Marine x2, Marauder  
  84  8:55  Marine  
  80  9:00  Marine x2  
  75  9:04  Marauder  
  70  9:10  Marine x2  
  70  9:14  Marauder x2  
  74  9:18  Marine x2  
  73  9:25  Marauder  
  73  9:27  Marine  
  73  9:28  Marine  
  73  9:30  Widow Mine  
  76  9:35  Marauder x2  
  76  9:38  Marine  
  58  9:47  Marauder  
  57  9:53  Marine  
  57  9:54  Marine  
  57  9:56  Marauder  
  57  9:57  Marine, Marauder  
  57  9:59  SCV  
Tags
 
Add a new tag
Caveats
  • Supply blocks, unpowered buildings, or Contaminate may cause inaccurate times.
  • Supply counts are checked every 10 seconds.